 Dungeon Crawl Stone Soup version 0.25-a0-200-g5ba96148f3 (webtiles) character file.

Game seed: 8455673766025807906, levelgen mode: deterministic

97951 mortelune the Tortoise (level 15, -3/141 HPs)
             Began as a Minotaur Monk on Dec 1, 2019.
             Was the Champion of Qazlal.
             Slain by a ghost moth (4 damage)
             ... on level 2 of the Spider Nest.
             The game lasted 01:10:12 (28932 turns).

mortelune the Tortoise (Minotaur Monk)             Turns: 28932, Time: 01:10:13

Health: -3/141     AC: 19    Str: 22 (23) XL:     15   Next: 73%
Magic:  0/23       EV: 10    Int:  1 (6)  God:    Qazlal [******]
Gold:   808        SH:  8    Dex: 17 (20) Spells: 14/14 levels left

rFire    + . .     SeeInvis .   U - +3 great sword (vamp)
rCold    + . .     Gourm    .   (shield currently unavailable)
rNeg     . . .     Faith    .   p - +0 plate armour
rPois    +         Spirit   .   W - +2 hat
rElec    .         Reflect  .   (no cloak)
rCorr    .         Harm     .   x - +2 pair of gloves
MR       +++..     Rnd*Rage +   (no boots)
Stlth    ..........             K - necklace of Bloodlust {*Rage +Rage MR++ Int-3 Slay+6 *Curse}
HPRegen  0.33/turn              P - ring of the Iron Devil {rF+ Str+2 Dex+2}
MPRegen  0.18/turn              h - ring "Saerhied" {rPois rC+ Dex+4 Stlth-}

@: protected from physical damage, corroded, berserk cooldown, repel missiles
A: retaliatory headbutt, horns 2, thin skeletal structure 1, blurry vision 1
a: Upheaval, Elemental Force, Disaster Area, Renounce Religion, Evoke Berserk
Rage


You were on level 2 of the Spider Nest.
You worshipped Qazlal.
Qazlal was exalted by your worship.
You were not hungry.

You visited 5 branches of the dungeon, and saw 26 of its levels.
You also visited: Sewer, Gauntlet and Ice Cave.

You collected 2866 gold pieces.
You spent 2058 gold pieces at shops.

Inventory:

Hand Weapons
 a - a +3 scimitar of flaming
 b - a +0 hunting sling of freezing
 r - the +7 great mace "Undeadhunter" {disrupt, rN+}
   (You bought it in a shop on level 2 of the Orcish Mines)

   It protects you from negative energy.
 U - a +3 vampiric great sword (weapon)
Missiles
 f - 95 sling bullets
 l - 4 throwing nets
 n - 15 javelins (quivered)
Armour
 k - +0 acid dragon scales
 p - a +0 plate armour (worn)
 x - a +2 pair of gloves (worn)
 A - a +2 pair of gloves
 B - a +0 buckler
 W - a +2 hat (worn)
Jewellery
 h - the ring "Saerhied" (right hand) {rPois rC+ Dex+4 Stlth-}
   (You bought it in a shop on level 9 of the Dungeon)

   [ring of poison resistance]

   It affects your dexterity (+4).
   It protects you from cold.
   It protects you from poison.
   It makes you less stealthy.
 j - an uncursed ring of positive energy
 E - the ring of the Mage {Wiz MR++ Int+3}
   (You found it in a Gauntlet)

   [ring of wizardry]

   It improves your spell success rate.
   It affects your intelligence (+3).
   It affects your resistance to hostile enchantments.
 H - an uncursed ring of resist corrosion
 K - the necklace of Bloodlust (around neck) {*Rage +Rage MR++ Int-3 Slay+6 *Curse}
   (You found it on level 7 of the Dungeon)

   [amulet of rage]

   It affects your intelligence (-3).
   It affects your accuracy and damage with ranged weapons and melee attacks
   (+6).
   It affects your resistance to hostile enchantments.
   It lets you go berserk.
   It may make you go berserk in combat.
   It curses itself when equipped.
 P - the ring of the Iron Devil (left hand) {rF+ Str+2 Dex+2}
   (You bought it in a shop on level 9 of the Dungeon)

   [ring of dexterity]

   It affects your strength (+2).
   It affects your dexterity (+2).
   It protects you from fire.
 R - an uncursed ring of protection from cold
Wands
 g - a wand of iceblast (37)
 o - a wand of disintegration (4)
 q - a wand of acid (38)
 C - a wand of polymorph (17)
 I - a wand of paralysis (14)
 L - a wand of flame (73)
 O - a wand of digging (9)
 T - a wand of enslavement (12)
Scrolls
 d - 6 scrolls of amnesia
 t - 8 scrolls of teleportation
 u - 12 scrolls of remove curse
 w - a scroll of fear
 y - 7 scrolls of fog
 D - 2 scrolls of enchant armour
 M - 5 scrolls of enchant weapon
 S - a scroll of blinking
 V - a scroll of summoning
 Z - 5 scrolls of identify
Potions
 e - 3 potions of might
 i - 7 potions of curing
 s - 3 potions of haste
 v - 5 potions of magic
 z - 4 potions of flight
 F - 2 potions of cancellation
 G - 2 potions of berserk rage
 J - 6 potions of lignification
 Q - 3 potions of brilliance
 X - 2 potions of agility
 Y - 3 potions of mutation
Miscellaneous
 N - a phantom mirror
Comestibles
 c - 39 rations


   Skills:
 + Level 15.2 Fighting
 + Level 16.8 Long Blades
 + Level 18.4 Armour
 - Level 4.7 Dodging
 - Level 2.7 Stealth
 + Level 12.2 Invocations


You had 14 spell levels left.
You didn't know any spells.
Your spell library contained the following spells:

 Spells                   Type           Power        Failure   Level  Hunger
 Animate Skeleton         Necr           N/A          99%         1    ##.....
 Apportation              Tloc           #.....       99%         1    ##.....
 Confusing Touch          Hex            #.....       99%         1    ##.....
 Flame Tongue             Conj/Fire      #....        99%         1    ##.....
 Freeze                   Ice            #...         99%         1    ##.....
 Sandblast                Erth           #.....       99%         1    ##.....
 Summon Small Mammal      Summ           #...         99%         1    ##.....
 Passwall                 Tmut/Erth      #.......     100%        2    ###....
 Throw Flame              Conj/Fire      #.....       100%        2    ###....
 Throw Frost              Conj/Ice       #.....       100%        2    ###....
 Confuse                  Hex            #.......     100%        3    ####...
 Conjure Flame            Conj/Fire      #.......     100%        3    ####...
 Gell's Gravitas          Tloc           #.........   100%        3    ####...
 Inner Flame              Hex/Fire       #.......     100%        3    ####...
 Ozocubu's Armour         Chrm/Ice       #.......     100%        3    ####...
 Stone Arrow              Conj/Erth      #.....       100%        3    ####...
 Ice Form                 Ice/Tmut       #.......     100%        4    #####..
 Petrify                  Tmut/Erth      #.......     100%        4    #####..
 Sticky Flame             Conj/Fire      #.......     100%        4    #####..
 Summon Ice Beast         Ice/Summ       #.......     100%        4    #####..
 Throw Icicle             Conj/Ice       #.......     100%        4    #####..
 Bolt of Magma            Conj/Fire/Erth #.........   100%        5    ######.
 Fireball                 Conj/Fire      #.........   100%        5    ######.
 Iskenderun's Battlesphe  Conj/Chrm      #.......     100%        5    ######.
 Lee's Rapid Deconstruct  Erth           #.........   100%        5    ######.
 Metabolic Englaciation   Hex/Ice        #.........   100%        5    ######.
 Venom Bolt               Conj/Pois      #.........   100%        5    ######.
 Yara's Violent Unravell  Hex/Tmut       #.........   100%        5    ######.
 Bolt of Cold             Conj/Ice       #.........   100%        6    #######
 Freezing Cloud           Conj/Ice/Air   #.........   100%        6    #######
 Iron Shot                Conj/Erth      #.........   100%        6    #######
 Ozocubu's Refrigeration  Ice            #.........   100%        6    #######
 Simulacrum               Ice/Necr       #.........   100%        6    #######
 Orb of Destruction       Conj           #.........   100%        7    #######
 Spellforged Servitor     Conj/Summ      #.........   100%        7    #######


Dungeon Overview and Level Annotations

Branches:
Dungeon (15/15)            Temple (1/1) D:4            Lair (6/6) D:11
 Shoals (0/4) Lair:2       Spider (1/4) Lair:2        Slime (0/5) Lair:6
    Orc (2/2) D:9             Elf (0/3) Orc:2        Vaults (0/5) D:14
 Depths (0/5) D:15          Sewer (visited)           IceCv (visited)
Gauntlet (visited)

Altars:
Ashenzari
Cheibriados
Dithmenos
Elyvilon
Fedhas
Hepliaklqana
Qazlal
Ru
Sif Muna
Trog
Uskayaw
Wu Jian
Xom
Zin
The Shining One
Beogh
Jiyva

Shops:
D:4 }   D:8 :   D:9 =   Orc:2 *(*%}

Annotations:
D:4 gadgdet shop dig


Innate Abilities, Weirdness & Mutations

You reflexively headbutt those who attack you in melee.
You have a pair of horns on your head.
You have a somewhat thin skeletal structure. (Dex +2, Stealth)
Scrolls take you a little longer to read.


Message History

* * * LOW HITPOINT WARNING * * *
You feel weakened.
Something stings you but does no damage.
You block the wolf spider's attack. x2; The tarantella bites you.
* * * LOW HITPOINT WARNING * * *
You are confused.
You're too confused!
You feel better.
You feel yourself speed up. The wolf spider hits you!
* * * LOW HITPOINT WARNING * * *
You feel more protected from physical attacks.
The wolf spider bites you but does no damage.
You block the tarantella's attack. Something hits you!
* * * LOW HITPOINT WARNING * * *
Something hits you!
* * * LOW HITPOINT WARNING * * *
You feel dopey. Something stings you.
You die...

## .##
#(.#
.#{#
##.?.#
#.#..#
##.○s.#
#@#..##
#ss##..#
s..##
.##
#..^. °.
#.s##
#.# ..##
.# #.#
## #.


You could see a wolf spider, an orb spider, 2 jumping spiders and a tarantella.

Vanquished Creatures
  Rupert (D:14)
  Gastronok (Lair:2)
  Frances (D:13)
  An orc warlord (Orc:1)
  An emperor scorpion (Spider:1)
  Nessos (Lair:6)
  Azrael (D:15)
  A dire elephant (D:15)
  A minotaur (Gauntlet)
  A fire dragon (Lair:6)
  Erolcha (D:9)
  3 hydras
  2 dancing weapons (D:14)
  A death knight (D:15)
  12 two-headed ogres
  An ogre mage (D:15)
  A tengu warrior (D:15)
  An orc high priest (Orc:2)
  A lindwurm (Lair:3)
  A swamp dragon (Lair:6)
  An orc knight (D:15)
  19 ugly things
  An orb spider (Spider:1)
  A necromancer (IceCv)
  An oklob plant (Gauntlet)
  6 wolf spiders
  4 orc sorcerers (Orc:2)
  4 manticores
  A shining eye (Gauntlet)
  A deep elf mage (D:15)
  3 cyclopes
  10 elephants (Lair:3)
  3 centaur zombies
  3 black mambas
  An ice statue (IceCv)
  A minotaur zombie (Gauntlet)
  10 spiny frogs
  An efreet (D:15)
  9 rime drakes
  5 komodo dragons
  3 demonic crawlers
  10 freezing wraiths (IceCv)
  A polar bear (Lair:6)
  8 jumping spiders
  3 tengu conjurers
  8 trolls
  A queen bee (shapeshifter) (D:15)
  3 hornets
  4 blink frogs
  9 hippogriffs
  8 slime creatures (D:15)
  4 centaur simulacra
  9 redbacks
  A spriggan (D:9)
  2 shadows
  A water elemental (D:15)
  4 tarantellas
  Sigmund (D:2)
  41 yaks
  2 wyverns
  A vampire (D:14)
  2 basilisks
  4 fire elementals (D:15)
  2 steam dragons (Lair:6)
  A golden eye (Gauntlet)
  3 vampire mosquitoes (D:12)
  A death yak simulacrum (IceCv)
  2 swamp worms (Lair:2)
  6 wargs
  3 acid dragons
  A soldier ant (D:12)
  A harpy simulacrum (Gauntlet)
  A floating eye (Gauntlet)
  3 hell hounds (D:15)
  7 porcupines
  8 water moccasins
  A swamp drake (Lair:6)
  A meliai simulacrum (Gauntlet)
  7 ice beasts
  6 sky beasts
  5 phantoms
  An alligator simulacrum (IceCv)
  A black bear (D:6)
  6 ogres
  22 orc warriors
  6 centaurs
  16 wolves
  13 crocodiles
  A gnoll sergeant (D:10)
  3 big kobolds
  16 bullfrogs
  5 scorpions
  A water moccasin skeleton (D:5)
  An elephant simulacrum (IceCv)
  12 killer bees
  5 wights (D:8)
  An electric eel (D:15)
  9 howler monkeys
  3 bullfrog zombies
  5 draconian simulacra (IceCv)
  7 crimson imps
  27 orc priests
  6 hounds
  3 bullfrog skeletons
  5 centaur skeletons
  43 orc wizards
  Natasha (twice) (D:4)
  3 iguanas
  A polar bear simulacrum (IceCv)
  2 spriggan simulacra (IceCv)
  10 worker ants
  5 troll simulacra (IceCv)
  A hound skeleton (D:4)
  2 worker ant zombies
  A howler monkey skeleton (D:11)
  12 adders
  4 gnolls (D:10)
  2 ogre simulacra (IceCv)
  2 river rats
  3 naga simulacra (IceCv)
  6 shadow imps
  24 white imps
  An ooze (Sewer)
  5 worms
  5 dart slugs
  5 leopard geckos
  85 orcs
  A giant cockroach (D:2)
  8 hobgoblins
  18 jackals
  5 quokkas
  4 ball pythons
  8 bats
  6 frilled lizards
  10 goblins
  25 kobolds
  A leopard gecko skeleton (D:4)
  A leopard gecko zombie (D:5)
  14 rats
  A plant (Lair:2)
809 creatures vanquished.

Vanquished Creatures (others)
  A demonic crawler (Spider:2)
  A hornet simulacrum (D:15)
  2 orcs
  2 fungi
  10 plants
16 creatures vanquished.

Grand Total: 825 creatures vanquished

Notes
Turn   | Place    | Note
-------+----------+-------------------------------------------
     0 | D:1      | mortelune the Minotaur Monk began the quest for the Orb.
     0 | D:1      | Reached XP level 1. HP: 19/19 MP: 0/0
   180 | D:1      | Reached XP level 2. HP: 26/27 MP: 1/1
   479 | D:1      | Reached XP level 3. HP: 30/33 MP: 2/2
   741 | D:2      | Noticed Sigmund
  1097 | D:3      | Reached XP level 4. HP: 32/41 MP: 3/3
  1331 | D:3      | Reached XP level 5. HP: 40/47 MP: 4/4
  1384 | D:3      | Found a glowing drain.
  1405 | Sewer    | Entered a sewer
  1682 | Sewer    | Reached skill level 5 in Fighting
  1682 | Sewer    | Reached skill level 5 in Long Blades
  2045 | Sewer    | Reached XP level 6. HP: 56/56 MP: 5/5
  2824 | D:4      | Found a staircase to the Ecumenical Temple.
  2840 | Temple   | Entered the Ecumenical Temple
  2875 | Temple   | Became a worshipper of Qazlal Stormbringer
  2875 | Temple   | Reached * piety under Qazlal
  2875 | Temple   | Reached ** piety under Qazlal
  3290 | D:4      | Found Hetzy's Gadget Shop.
  3457 | D:4      | Noticed Natasha
  3470 | D:4      | Reached skill level 1 in Armour
  3476 | D:4      | Killed Natasha
  3688 | D:4      | Found a stormy altar of Qazlal.
  3817 | D:4      | Noticed Natasha
  3825 | D:4      | Killed Natasha
  3914 | D:5      | Entered Level 5 of the Dungeon
  3921 | D:5      | Reached skill level 2 in Armour
  3964 | D:5      | Reached XP level 7. HP: 53/61 MP: 6/6
  4233 | D:5      | Reached skill level 3 in Armour
  4660 | D:5      | Found a blossoming altar of Fedhas.
  4812 | D:6      | Reached *** piety under Qazlal
  4907 | D:6      | Reached skill level 4 in Armour
  4907 | D:6      | Reached skill level 1 in Invocations
  4974 | D:6      | Reached XP level 8. HP: 65/70 MP: 8/8
  4991 | D:6      | Reached skill level 5 in Armour
  5210 | D:6      | Paralysed by an orc warrior for 4 turns
  5789 | D:7      | Reached skill level 6 in Armour
  6075 | D:7      | Found the cursed necklace of Bloodlust {*Rage +Rage MR++
                  | Int-3 Slay+6 *Curse}
  6202 | D:7      | Reached XP level 9. HP: 79/79 MP: 10/10
  6714 | D:8      | Reached skill level 7 in Armour
  6926 | D:8      | Found Natudiy's Book Boutique.
  7594 | D:2      | Killed Sigmund
  7997 | D:9      | Reached skill level 10 in Long Blades
  8009 | D:9      | Reached skill level 8 in Armour
  8306 | D:9      | Found a staircase to the Orcish Mines.
  8308 | D:9      | Noticed Erolcha
  8312 | D:9      | Killed Erolcha
  8312 | D:9      | Reached skill level 9 in Armour
  8312 | D:9      | Reached XP level 10. HP: 88/88 MP: 3/12
  8912 | D:9      | Reached **** piety under Qazlal
  9000 | D:9      | Found Hereic's Jewellery Emporium.
  9005 | D:9      | Bought the ring of the Iron Devil {rF+ Str+2 Dex+2} for 334
                  | gold pieces
  9260 | D:10     | Entered Level 10 of the Dungeon
  9333 | D:10     | Reached skill level 5 in Invocations
  9770 | D:10     | Noticed a manticore
  9778 | D:10     | Killed a manticore
  9778 | D:10     | Reached skill level 10 in Armour
  9789 | D:10     | Noticed a two-headed ogre
  9794 | D:10     | Killed a two-headed ogre
 10023 | D:10     | Found a blossoming altar of Fedhas.
 10308 | D:10     | Noticed a two-headed ogre
 10317 | D:10     | Killed a two-headed ogre
 10430 | D:11     | Noticed a two-headed ogre
 10430 | D:11     | Noticed a two-headed ogre
 10435 | D:11     | Killed a two-headed ogre
 10435 | D:11     | Reached XP level 11. HP: 97/97 MP: 9/14
 10440 | D:11     | Killed a two-headed ogre
 10440 | D:11     | Reached skill level 11 in Armour
 10455 | D:11     | Noticed a cyan ugly thing
 10740 | D:11     | Found a staircase to the Lair.
 10837 | D:11     | Found a gate leading to a gauntlet.
 10846 | Gauntlet | Entered a Gauntlet
 10846 | Gauntlet | Found a transporter.
 10846 | Gauntlet | Noticed an oklob plant
 10908 | Gauntlet | Found a transporter.
 10910 | Gauntlet | Found a transporter.
 10917 | Gauntlet | Noticed a shining eye
 10921 | Gauntlet | Found a transporter.
 10925 | Gauntlet | Found a transporter.
 10926 | Gauntlet | Noticed a blizzard demon
 10930 | Gauntlet | Found a transporter.
 10945 | Gauntlet | Found the ring of the Mage {Wiz MR++ Int+3}
 10946 | Gauntlet | Found a transporter.
 10958 | Gauntlet | Found a transporter.
 10958 | Gauntlet | Noticed a death yak
 10958 | Gauntlet | Noticed a death yak
 10958 | Gauntlet | Noticed a death yak
 10959 | Gauntlet | Noticed a death yak
 10965 | Gauntlet | Found a runed translucent door.
 10969 | Gauntlet | Found a transporter.
 10974 | Gauntlet | Found a transporter.
 10982 | Gauntlet | Noticed a hell hog
 11079 | Gauntlet | Found a transporter.
 11278 | Gauntlet | Killed an oklob plant
 11284 | Gauntlet | Noticed a necromancer
 11373 | Gauntlet | Found a transporter.
 11379 | Gauntlet | Gained mutation: You are dopey. (Int -2) [a shining eye]
 11382 | Gauntlet | Killed a shining eye
 11424 | Gauntlet | Lost mutation: You are dopey. (Int -2) [potion of mutation]
 11424 | Gauntlet | Gained mutation: Scrolls take you a little longer to read.
                  | [potion of mutation]
 11424 | Gauntlet | Gained mutation: You have a somewhat thin skeletal
                  | structure. (Dex +2, Stealth) [potion of mutation]
 11581 | Gauntlet | Noticed a minotaur
 11596 | Gauntlet | Killed a minotaur
 11596 | Gauntlet | Reached skill level 10 in Fighting
 12125 | D:11     | Reached skill level 12 in Armour
 12149 | D:11     | Noticed a cyan ugly thing
 12157 | D:11     | Killed a cyan ugly thing
 12670 | D:11     | Killed a cyan ugly thing
 13193 | D:11     | Reached XP level 12. HP: 107/107 MP: 16/16
 13415 | Lair:1   | Entered Level 1 of the Lair of Beasts
 13905 | Lair:1   | Reached skill level 13 in Armour
 14279 | Lair:2   | Found a hole to the Spider Nest.
 14303 | Lair:2   | Noticed Gastronok
 14328 | Lair:2   | Killed Gastronok
 14512 | Lair:2   | Found a staircase to the Shoals.
 15764 | Lair:3   | Reached skill level 14 in Armour
 15777 | Lair:3   | Reached skill level 15 in Long Blades
 16024 | Lair:3   | Reached XP level 13. HP: 116/116 MP: 18/18
 16412 | Lair:3   | Got a bronze leather armour
 16415 | Lair:3   | Identified the cursed +1 leather armour "Nir Hez" {rC-
                  | Int+4} (You found it on level 3 of the Lair of Beasts)
 16999 | Lair:4   | You fall into a shaft and drop 1 floor!
 18384 | Lair:6   | Entered Level 6 of the Lair of Beasts
 18389 | Lair:6   | Noticed Nessos
 18885 | Lair:6   | Reached skill level 15 in Armour
 19480 | Lair:6   | Killed Nessos
 19756 | Lair:6   | Got a polished leather armour
 19759 | Lair:6   | Identified the +2 leather armour "Tef Enge" {*Contam +Fly
                  | rN+++ MP-9} (You found it on level 6 of the Lair of Beasts)
 19926 | Lair:6   | Found a viscous altar of Jiyva.
 19927 | Lair:6   | Found a staircase to the Slime Pits.
 20016 | Lair:6   | Noticed a fire dragon
 20033 | Lair:6   | Killed a fire dragon
 20336 | Lair:6   | Reached ***** piety under Qazlal
 20866 | D:12     | Found a frozen archway.
 20902 | IceCv    | Entered an ice cave
 20999 | IceCv    | Reached XP level 14. HP: 91/127 MP: 20/20
 21203 | IceCv    | Reached skill level 16 in Armour
 21562 | IceCv    | Found an ancient bone altar of Kikubaaqudgha.
 21970 | IceCv    | Reached skill level 10 in Invocations
 22534 | D:12     | Got an ichor-stained flail
 22537 | D:12     | Identified the cursed +2 flail of Integrity {freeze, *Slow
                  | +Blink rN++ Int+2} (You found it on level 12 of the
                  | Dungeon)
 22759 | D:12     | Found a shimmering blue altar of Sif Muna.
 23125 | Orc:1    | Entered Level 1 of the Orcish Mines
 23373 | Orc:1    | Found a roughly hewn altar of Beogh.
 23598 | Orc:2    | Entered Level 2 of the Orcish Mines
 24548 | Orc:2    | Found Gadusoes's General Store.
 24548 | Orc:2    | Found Busyox's Weapon Shoppe.
 24549 | Orc:2    | Found Qieniesu's Food Emporium.
 24552 | Orc:2    | Found Xuptius's Gadget Emporium.
 24704 | Orc:2    | Noticed an orc warlord
 24765 | Orc:1    | Killed an orc warlord
 24899 | Orc:2    | Reached skill level 17 in Armour
 25028 | Orc:2    | Found a staircase to the Elven Halls.
 25130 | Orc:2    | Found Weykkeol's Whimsical Warehouse.
 25390 | Orc:2    | Bought the +7 great mace "Undeadhunter" {disrupt, rN+} for
                  | 685 gold pieces
 25390 | Orc:2    | Found the +7 great mace "Undeadhunter" {disrupt, rN+}
 25392 | Orc:2    | Bought a potion of might for 56 gold pieces
 25396 | Orc:2    | Bought a phantom mirror for 450 gold pieces
 25526 | D:9      | Bought the ring "Saerhied" {rPois rC+ Dex+4 Stlth-} for 533
                  | gold pieces
 25586 | D:13     | Noticed Frances
 25598 | D:13     | Killed Frances
 25626 | D:13     | Found a white marble altar of Elyvilon.
 26031 | D:13     | Reached ****** piety under Qazlal
 26391 | D:14     | Noticed Rupert
 26403 | D:14     | Killed Rupert
 26638 | D:14     | Found a gate to the Vaults.
 26923 | D:15     | Entered Level 15 of the Dungeon
 26928 | D:15     | Reached XP level 15. HP: 132/138 MP: 22/22
 27315 | D:15     | Noticed Azrael
 27331 | D:15     | Killed Azrael
 27412 | D:15     | Reached skill level 18 in Armour
 27794 | D:15     | Found a staircase to the Depths.
 28244 | Spider:1 | Entered Level 1 of the Spider Nest
 28260 | Spider:1 | Reached skill level 15 in Fighting
 28861 | Spider:1 | You fall into a shaft and drop 1 floor!
 28932 | Spider:2 | HP: 1/141 [something (9)]
 28932 | Spider:2 | Slain by a ghost moth

Levels and vault maps discovered:
D:1:      dpeg_arrival_chambers_temple_mockup, layout_basic, st_stairs_9,
          minmay_lizard_pond
D:2:      layout_loops_ring, first_ration, uniq_sigmund
D:3:      layout_loops_corners, portal_sewer_entry_b
D:4:      layout_loops_corners, minmay_temple_entry_ruins, serial_shops,
          nicolae_shop_statue_plus, nicolae_qazlal_eye_of_the_storm,
          uniq_natasha
D:5:      layout_basic, kennysheep_mini_moat, grunt_ministairs_11
D:6:      layout_rooms, minmay_misc_feat_room, grunt_ministairs_9
D:7:      layout_loops_ring
D:8:      layout_rooms, serial_shops, nicolae_shop_crystal, hex_large
D:9:      layout_gridville, erik_orc_3, serial_shops, kennysheep_little_box,
          the_bakery, uniq_erolcha
D:10:     layout_loops_corners, fedhas_bush_and_centaur_altar
D:11:     layout_basic, erik_lair_orcish_takeover, gauntlet_entry_generic,
          kennysheep_decorative_pillar
D:12:     layout_basic, portal_ice_cave_entry_imps, enter_bailey_3, led_sif_book
D:13:     layout_basic, basic_altar, drop_trap, uniq_frances
D:14:     layout_rooms, erik_vaults_1, nrook_uturn, uniq_rupert
D:15:     hangedman_depths_entry_try_elsewhere_first, layout_stronghold,
          minivault_14, uniq_azrael
Temple:   compressed_dpeg_circular_temple
Lair:1:   layout_regular_city, serial_bayou_shore_b
Lair:2:   layout_chaotic_city, shoals_dummy_entry, dummy_spider_entry,
          worms_lemuel, serial_bayou_shore_b, uniq_gastronok
Lair:3:   layout_hall_layers, chequers_serial_rivers_room_a, grunt_megastairs_5
Lair:4:   layout_roguey, grunt_megastairs_3
Lair:5:   layout_roguey, chequers_serial_rivers_micro_c
Lair:6:   guppyfry_lair_end_dragon, layout_gridlike,
          dpeg_slime_entry_enclosed_altar, minmay_lair_drake_nest, uniq_nessos
Spider:1: layout_spider_delve, hive_lemuel
Spider:2: nicolae_spider_corner, uniq_arachne
Orc:1:    layout_caves, mines1_david
Orc:2:    st_orc_mages, layout_diamond_mine, nicolae_alphabet_shops

Skill      XL: |  1  2  3  4  5  6  7  8  9 10 11 12 13 14 15 |
---------------+----------------------------------------------+-----
Fighting       | 4 5 6 7 8 9 10 11 12 14 15 | 15.2
Stealth        | 2 |  2.7
Long Blades    | 4 5 6 7 9 10 12 13 15 16 | 16.8
Dodging        | 4 |  4.7
Armour         | 2 4 6 9 10 12 14 15 17 18 | 18.4
Invocations    | 1 3 4 5 7 8 9 11 12 | 12.2

Action                   |  1- 3 |  4- 6 |  7- 9 | 10-12 | 13-15 || total
-------------------------+-------+-------+-------+-------+-------++-------
Melee: Falchion          |    81 |   181 |   247 |       |       ||   509
       Headbutt          |    17 |    36 |    65 |   118 |   289 ||   525
       Scimitar          |       |       |    66 |   394 |   701 ||  1161
       Morningstar       |       |       |       |       |    10 ||    10
       Great sword       |       |       |       |       |   219 ||   219
 Fire: Hunting sling     |       |       |       |       |    34 ||    34
Throw: Throwing net      |       |     2 |       |       |     1 ||     3
       Javelin           |       |       |       |       |     5 ||     5
Invok: Upheaval          |       |       |     6 |    16 |    18 ||    40
       Disaster Area     |       |       |       |       |     1 ||     1
Evoke: Wand              |       |       |       |     6 |     2 ||     8
  Use: Scroll            |       |     9 |    11 |     6 |    13 ||    39
       Potion            |       |     4 |       |     7 |     4 ||    15
 Stab: Sleeping          |     2 |     1 |       |       |       ||     3
       Invisible         |       |       |       |     4 |       ||     4
  Eat: Chunk             |       |     7 |    13 |    19 |    25 ||    64
       Ration            |       |     1 |       |     2 |     5 ||     8
Armor: Robe              |     4 |       |       |       |       ||     4
       Leather armour    |     7 |     5 |       |       |       ||    12
       Ring mail         |       |    23 |       |       |       ||    23
       Plate armour      |       |    37 |   191 |   213 |   613 ||  1054
Dodge: Dodged            |    53 |    97 |    91 |   162 |   427 ||   830
       Deflected         |       |       |       |       |    31 ||    31
Block: Other             |       |     5 |    41 |    52 |   303 ||   401
       Rpst.: Falchion   |    12 |    25 |    15 |       |       ||    52
       Scimitar          |       |       |     6 |    39 |    63 ||   108
       Great sword       |       |       |       |       |    33 ||    33

Table legend:
 A = Non-vault XP
 B = Vault XP
 C = Vault XP percentage of total XP
 D = Non-vault monster count
 E = Vault monster count
 F = Vault count percentage of total count
                 A         B        C        D         E       F
            +---------+---------+-------+---------+---------+-------
      Total |   93170 |   46761 |  33.4 |     558 |     251 |  31.0
            +---------+---------+-------+---------+---------+-------
        D:1 |      42 |       7 |  14.3 |      26 |       5 |  16.1
        D:2 |      30 |     208 |  87.4 |      12 |       1 |   7.7
        D:3 |     142 |      16 |  10.1 |      27 |       4 |  12.9
        D:4 |     201 |      35 |  14.8 |      11 |       1 |   8.3
        D:5 |     258 |      70 |  21.3 |      24 |       2 |   7.7
        D:6 |    1008 |     211 |  17.3 |      22 |       4 |  15.4
        D:7 |     643 |       0 |   0.0 |      16 |       0 |   0.0
        D:8 |     886 |       0 |   0.0 |      17 |       0 |   0.0
        D:9 |     779 |    1712 |  68.7 |      20 |      18 |  47.4
       D:10 |    3641 |     115 |   3.1 |      27 |       1 |   3.6
       D:11 |    7355 |     665 |   8.3 |      31 |       9 |  22.5
       D:12 |    2521 |     201 |   7.4 |      25 |      18 |  41.9
       D:13 |    4171 |    2154 |  34.1 |      22 |       1 |   4.3
       D:14 |    8550 |    4619 |  35.1 |      40 |       3 |   7.0
       D:15 |   19533 |    5338 |  21.5 |      44 |      11 |  20.0
     Lair:1 |    3370 |       0 |   0.0 |      21 |       0 |   0.0
     Lair:2 |     724 |    2730 |  79.0 |       4 |       3 |  42.9
     Lair:3 |   11056 |     926 |   7.7 |      40 |       7 |  14.9
     Lair:4 |    2190 |       0 |   0.0 |      11 |       0 |   0.0
     Lair:5 |    4714 |       0 |   0.0 |      21 |       0 |   0.0
     Lair:6 |    6993 |    7613 |  52.1 |      20 |      20 |  50.0
   Spider:1 |    5799 |       0 |   0.0 |      14 |       0 |   0.0
   Spider:2 |    2064 |    4613 |  69.1 |       7 |      14 |  66.7
      Orc:1 |    2983 |     260 |   8.0 |      21 |       4 |  16.0
      Orc:2 |    3517 |    4846 |  57.9 |      35 |      43 |  55.1
      Sewer |       0 |     174 | 100.0 |       0 |      17 | 100.0
      IceCv |       0 |    6381 | 100.0 |       0 |      54 | 100.0
   Gauntlet |       0 |    3867 | 100.0 |       0 |      11 | 100.0
            +---------+---------+-------+---------+---------+-------
